Map: Zen LE

Players

Kelazhur

  • Race: Terran Terran
  • Spawn Location: 1:00

soO - Winner!

  • Race: Zerg Zerg
  • Spawn Location: 7:00

Event: StayAtHomestory Cup #1

VOD

Have the link to the VOD?

Description

Time

  • Played on: April 10, 2020, 8:16 a.m.
  • Length: 11:50

All games in this series

Show
View Real Time Build Order
Export as new Build Order

Kelazhur Terran 

Build Orders: Reaper Expand, Banshee Rush 

Get SALT Encoding   

  12  0:00  SCV  
  13  0:13  SCV  
  14  0:17  Supply Depot  
  14  0:25  SCV  
  15  0:38  SCV  
  15  0:40  Barracks  
  16  0:44  Refinery  
  16  0:51  SCV  
  17  1:03  SCV  
  18  1:15  SCV  
  19  1:27  Orbital Command, Reaper  
  20  1:40  Command Center  
  20  1:47  Supply Depot  
  20  1:52  SCV  
  21  1:59  Marine  
  22  2:05  SCV  
  23  2:11  Factory  
  23  2:15  Refinery  
  23  2:17  SCV  
  23  2:21  Barracks Reactor  
  24  2:29  SCV  
  25  2:43  SCV  
  26  2:53  Orbital Command  
  26  2:55  SCV  
  26  2:56  Starport  
  27  2:59  Marine x2  
  29  3:07  SCV, Factory Tech Lab  
  30  3:16  Marine  
  30  3:17  Marine  
  30  3:19  SCV x2  
  34  3:31  SCV x2  
  36  3:35  Supply Depot  
  36  3:38  Marine x2  
  36  3:39  Cloaking Field, Banshee  
  41  3:43  SCV x2  
  43  3:55  SCV  
  44  3:57  SCV  
  44  4:02  Command Center  
  45  4:07  SCV  
  45  4:09  SCV  
  46  4:10  Marine x2, Factory Tech Lab  
  46  4:14  Supply Depot  
  48  4:19  SCV  
  48  4:21  SCV  
  48  4:22  Banshee  
  53  4:31  SCV  
  53  4:35  Barracks  
  53  4:36  SCV  
  53  4:37  Barracks  
  53  4:38  Factory Reactor, Supply Depot  
  55  4:40  Marine  
  55  4:41  Stimpack  
  55  4:44  SCV  
  57  4:48  SCV  
  57  4:51  Refinery  
  57  4:52  Engineering Bay x2  
  58  4:56  SCV  
  58  4:58  Marine  
  60  5:05  Supply Depot  
  60  5:07  Banshee  
  60  5:09  SCV, Bunker  
  60  5:13  SCV  
  65  5:16  Marine  
  65  5:18  Bunker  
  63  5:21  SCV  
  63  5:25  Marine x2  
  59  5:32  Orbital Command  
  59  5:34  Marine  
  58  5:35  Orbital Command  
  58  5:37  Marine  
  55  5:43  Marine x2  
  55  5:44  SCV  
  55  5:52  Marine  
  55  5:56  SCV  
  57  6:00  SCV  
  57  6:01  SCV  
  59  6:04  Starport Reactor  
  59  6:05  Marine x2  
  59  6:11  SCV  
  62  6:12  SCV  
  62  6:13  SCV  
  62  6:14  Supply Depot  
  62  6:15  Orbital Command  
  56  6:19  Marine  
  56  6:21  Marine  
  56  6:22  Marine  
  56  6:23  SCV  
  56  6:24  SCV  
  56  6:25  Marine  
  42  6:27  Orbital Command  
  42  6:31  Marine  
  39  6:38  SCV x2, Marine  
  39  6:39  Marine  
  43  6:40  Marine  
  45  6:49  Marine  
  45  6:50  SCV x2  
  45  6:52  Orbital Command  
  45  6:53  Marine  
  48  6:56  SCV, Marine  
  50  7:02  SCV x2  
  52  7:14  SCV x2  
  54  7:18  Supply Depot  
  54  7:19  SCV, Engineering Bay  
  54  7:21  Supply Depot  
  55  7:23  Supply Depot  
  55  7:24  Marine x2  
  55  7:26  SCV x2  
  59  7:30  Marine  
  59  7:31  SCV  
  59  7:35  Marine  
  62  7:38  SCV x2  
  62  7:40  Marine  
  62  7:41  Medivac  
  62  7:43  SCV, Medivac  
  70  7:48  Marine, Combat Shield  
  70  7:50  SCV  
  73  7:53  Refinery  
  73  7:54  Refinery  
  73  7:57  Terran Infantry Weapons Level 1  
  73  7:58  Terran Infantry Armor Level 1  
  72  8:00  Orbital Command  
  72  8:01  Marine x3  
  72  8:05  SCV x2  
  74  8:16  Marine, Medivac  
  74  8:17  Marine, SCV  
  74  8:18  Medivac  
  82  8:20  SCV  
  82  8:24  Barracks  
  82  8:25  Barracks  
  82  8:26  SCV  
  83  8:28  Marine  
  83  8:29  SCV  
  83  8:31  Marine  
  83  8:32  SCV  
  87  8:34  Marine  
  87  8:39  SCV, Orbital Command  
  87  8:40  Siege Tank  
  92  8:41  SCV  
  92  8:48  Armory  
  93  8:49  SCV  
  93  8:53  Marine x4  
  89  8:56  SCV  
  85  9:03  Marine  
  85  9:07  SCV x2  
  88  9:11  SCV, Marine x2  
  88  9:14  Marine  
  92  9:19  SCV  
  92  9:21  Siege Tank  
  92  9:22  SCV  
  97  9:24  Supply Depot  
  97  9:25  Supply Depot  
  97  9:26  SCV  
  97  9:30  Marine  
  97  9:31  SCV, Marine  
  100  9:33  Barracks Reactor  
  100  9:34  Barracks Reactor  
  101  9:38  Supply Depot  
  101  9:45  Marine x2, SCV x3  
  101  9:47  Marine  
  101  9:49  Marine, Medivac  
  101  9:51  Marine  
  109  9:54  Supply Depot  
  109  9:58  SCV  
  110  10:03  Marine, Medivac  
  110  10:04  Siege Tank  
  110  10:05  Marine  
  117  10:08  Marine  
  117  10:09  Factory  
  117  10:11  Marauder  
  120  10:14  Marine x5  
  125  10:24  Refinery  
  124  10:29  Marine  
  124  10:30  Marine  
  123  10:37  Marine  
  123  10:39  Siege Tank  
  117  10:50  Command Center  
  117  10:54  Supply Depot  
  117  10:55  Marine x2  
  117  10:56  Supply Depot  
  117  11:00  Factory Tech Lab  
  117  11:08  Refinery  
  117  11:15  Marine x5, SCV, Supply Depot  
  117  11:16  Marauder  
  117  11:17  Marine, SCV x2, Medivac x2, Supply Depot  
  132  11:19  Supply Depot  
Show
View Real Time Build Order
Export as new Build Order

soO Zerg - Winner!

Build Orders: Hatch First 

Get SALT Encoding   

  12  0:00  Drone  
  13  0:12  Overlord  
  13  0:17  Drone  
  14  0:31  Drone x2  
  16  0:48  Hatchery  
  15  0:51  Drone  
  15  0:55  Drone  
  17  0:58  Drone  
  18  1:10  Extractor  
  17  1:14  Spawning Pool  
  17  1:17  Drone  
  17  1:20  Drone  
  18  1:28  Drone  
  19  1:39  Drone  
  20  1:49  Overlord  
  20  2:01  Queen x2  
  20  2:02  Zergling x4  
  26  2:11  Drone x2  
  28  2:20  Metabolic Boost  
  28  2:24  Extractor  
  28  2:26  Drone x2  
  29  2:33  Zergling x2  
  30  2:38  Queen  
  30  2:41  Overlord  
  32  2:46  Drone x2  
  34  2:54  Drone x2  
  36  3:04  Drone x2  
  38  3:09  Hatchery  
  38  3:12  Drone x2  
  39  3:15  Drone  
  39  3:18  Queen  
  42  3:24  Overlord  
  44  3:27  Drone x2  
  44  3:37  Roach Warren  
  44  3:39  Extractor, Drone  
  44  3:40  Drone  
  44  3:43  Drone  
  44  3:44  Drone x2  
  44  3:46  Drone  
  48  3:49  Drone x2  
  48  3:55  Overlord  
  50  3:59  Overlord  
  49  4:10  Overlord  
  49  4:12  Overlord  
  49  4:15  Extractor  
  48  4:22  Roach x2  
  48  4:23  Roach x2  
  57  4:27  Roach x5  
  67  4:45  Zergling x12  
  73  5:01  Zergling x16  
  73  5:02  Zergling x2  
  73  5:04  Spore Crawler  
  73  5:06  Spore Crawler x2  
  78  5:07  Ravager  
  78  5:08  Ravager  
  79  5:20  Zergling x12  
  79  5:28  Drone x5  
  73  5:33  Drone x3  
  73  5:34  Drone  
  77  5:37  Drone  
  77  5:39  Drone  
  77  5:42  Drone  
  78  5:44  Drone  
  73  5:50  Drone x2  
  73  5:52  Drone  
  73  5:53  Drone  
  75  6:00  Drone x3  
  75  6:01  Drone  
  75  6:03  Drone  
  80  6:10  Ravager x2  
  82  6:12  Lair  
  78  6:19  Drone x5  
  78  6:22  Drone x3  
  78  6:23  Drone x2  
  84  6:28  Drone x3  
  84  6:30  Overlord  
  86  6:34  Overlord  
  86  6:39  Evolution Chamber  
  85  6:40  Evolution Chamber  
  85  6:43  Drone x4  
  85  6:45  Extractor  
  86  6:52  Drone  
  86  6:53  Drone x2  
  86  6:54  Drone  
  86  6:55  Extractor  
  82  7:01  Queen  
  82  7:07  Hatchery  
  83  7:11  Zerg Ground Armor Level 1, Drone x2, Zerg Melee Weapons Level 1  
  83  7:12  Drone x2  
  85  7:17  Baneling Nest  
  85  7:18  Drone  
  85  7:20  Hatchery, Roach x3  
  90  7:23  Overseer  
  90  7:27  Roach x3  
  96  7:32  Overlord  
  92  7:55  Zergling x36  
  92  7:56  Ravager x3  
  113  8:01  Overlord  
  113  8:02  Centrifical Hooks  
  113  8:09  Overlord  
  113  8:15  Overlord  
  112  8:20  Drone x3  
  112  8:21  Drone  
  112  8:22  Drone x4  
  112  8:23  Ravager x3  
  112  8:24  Zergling x8  
  112  8:26  Spire  
  126  8:30  Extractor  
  125  8:36  Zergling x2  
  125  8:37  Zergling x14  
  125  8:41  Drone  
  134  8:42  Spore Crawler  
  134  8:45  Overlord  
  133  8:53  Drone  
  127  9:04  Queen  
  127  9:05  Drone x2  
  127  9:06  Zerg Ground Armor Level 2  
  127  9:07  Zerg Melee Weapons Level 2  
  127  9:09  Zergling x2  
  135  9:10  Zergling x22  
  135  9:13  Overlord  
  135  9:14  Baneling x3  
  135  9:15  Baneling x3  
  143  9:18  Overseer, Drone  
  143  9:21  Extractor  
  143  9:26  Drone  
  143  9:27  Drone  
  143  9:28  Zergling x8  
  143  9:29  Overlord  
  149  9:33  Drone  
  149  9:36  Overlord  
  150  9:41  Overlord x2  
  150  9:43  Overlord  
  149  9:51  Baneling x4  
  149  9:53  Corruptor x6  
  161  10:04  Drone x2  
  161  10:05  Drone x2  
  161  10:06  Drone  
  166  10:08  Baneling  
  166  10:09  Baneling x7  
  166  10:11  Baneling x5  
  166  10:12  Zergling x16  
  174  10:16  Baneling x4  
  174  10:17  Hatchery  
  169  10:30  Zergling x26  
  170  10:48  Zergling x38  
  186  11:02  Zergling x18  
  195  11:08  Zergling x4, Baneling x3  
  195  11:09  Baneling x3  
  197  11:19  Infestation Pit  
  197  11:20  Baneling x8  
  197  11:21  Baneling  
Tags
 
Add a new tag
Caveats
  • Supply blocks, unpowered buildings, or Contaminate may cause inaccurate times.
  • Supply counts are checked every 10 seconds.